Login

Gladiators vs Bunnies

Created - December 17, 2023 at 12:19

Goals
1 2 3 T
Gladiators 0 0 0 0
Bunnies 0 1 1 2
Shots
1 2 3 T
Gladiators 13 12 7 32
Bunnies 19 12 12 43

GoalsPenalties
1st period
No Goal
Jeff Petry (KOK) for Unsportsmanlike conduct (Minor) at 15:45
2nd period
1. Bunnies , Nipples Tenderloin 8 (Rickard Rakell 8, Nick Suzuki 9) at 12:35
No Penalty
3rd period
2. Bunnies , Rickard Rakell 4 (Nazem Kadri 5, Nick Suzuki 10) at 19:48 (Empty Net)
Travis Konecny (ATH) for Cross-checking (Minor) at 1:48
Johnny Gaudreau (KOK) for Hooking (Minor) at 11:42
Goalie Stats
Jake Oettinger (ATH), 41 saves from 42 shots - (0.976), L, 14-7-3, 59:42 minutes
Joonas Korpisalo (KOK), 32 saves from 32 shots - (1.000), W, 14-8-2, 60:00 minutes
3 StarsOfficial
1 - Joonas Korpisalo (KOK)
2 - Jake Oettinger (ATH)
3 - Rickard Rakell (KOK)
Referees : Unknown
Linesman : Unknown
Game Note
Rickard Rakell has scored in a empty net!
Finance
Level 1 -- Attendance: 4638 (77.30%) -- Ticket Income $463,800
Level 2 -- Attendance: 5000 (100.00%) -- Ticket Income $250,000
Level 3 -- Attendance: 1653 (82.65%) -- Ticket Income $57,855
Level 4 -- Attendance: 3029 (75.73%) -- Ticket Income $75,725
Luxury Box -- Attendance: 989 (98.90%) -- Ticket Income $197,800
Game was played at the California Roll Bowl.
Total Attendance: 15309 (85.05%)
Total Ticket Income: $1,045,180
Other Income: $418,072
Total Income: $1,463,252



Team Name Goals Shots Shots Attemp Shots Blocked PIM HIT PP PK FO%
Gladiators 0325992200 / 2 (0%)042%
Bunnies 24366104180 / 1 (0%)058%

Gladiators
Player Name POS G A P +/- PIM HIT SHT SB MP PP MP PP SHT PK MP PK SHT FO% FOT GA TA
Alec MartinezD0000011117:382:1000:4400% 001
Alex TuchLW/RW0000022016:502:0400:00050% 420
Anthony CirelliC/RW0000001010:230:0000:58040% 501
Colton SissonsC/LW/RW000-2040115:170:0100:080100% 200
Evan RodriguesC/LW/RW000-1004011:060:0100:5800% 000
Geoff CopsesD000-2002426:541:4801:1500% 001
Jaccob SlavinD000-1001124:231:4801:1500% 001
Jake GuentzelLW/RW0000023016:251:5300:0000% 020
Nick SchmaltzC/LW/RW000-1034014:270:0100:00015% 2010
Nico HischierC0000012016:231:5300:00046% 1310
Ryan JohansenC/RW000000208:200:0000:0000% 000
Ryan SuterD0000012218:542:1000:4400% 010
Sam ReinhartC/RW0000033017:542:0400:18061% 1801
Samuel GirardD000-1000015:390:0000:0000% 000
Shea TheodoreD0000001016:320:0000:0000% 000
T.J. OshieC/RW000-1011014:570:0000:4300% 110
Travis KonecnyLW/RW0000212016:422:0400:0000% 000
Zach HymanLW/RW000-1011019:161:5300:53067% 311
Bunnies
Player Name POS G A P +/- PIM HIT SHT SB MP PP MP PP SHT PK MP PK SHT FO% FOT GA TA
Anthony DeangeloD0000000215:190:0000:5700% 000
Brayden SchennC/LW0000004015:380:0000:00090% 1001
Brenden DillonD0002010219:561:0602:2400% 000
David SavardD0000000017:450:5301:3400% 001
Erik KarlssonD000002008:430:0000:1600% 010
Filip HronekD0000000113:520:0000:0000% 003
Jamie BennC/LW0000012018:360:5001:32057% 1400
Jeff PetryD0002233326:391:0601:1100% 001
Johnny GaudreauLW0000225018:210:5000:5000% 000
Matt DucheneC/RW0000022017:210:5000:0000% 100
Nazem KadriC/LW0111036017:470:0001:1800% 001
Nick JensenD0000011017:450:5301:3400% 000
Nick SuzukiC0222025124:221:0902:03055% 3101
Nipples TenderloinLW/RW10110110023:421:0902:13033% 330
Patrice BergeronC000000001:510:0000:0000% 000
Rickard RakellLW/RW1122004116:111:0900:0000% 020
Tyler SeguinC/RW000000007:310:0000:00050% 600
Vladimir TarasenkoRW0000001014:410:0000:0000% 101

Gladiators

5 vs 5 Forward
Line #Left WingCenterRight WingPHYDFOFWanted %Time %Time Play
1Alex TuchSam ReinhartZach Hyman1223028%14:49
2Travis KonecnyNico HischierJake Guentzel1222832%16:47
3Colton SissonsNick SchmaltzT.J. Oshie1222625%13:04
4Evan RodriguesAnthony CirelliRyan Johansen1221616%8:20
5 vs 5 Defense
Line #DefenseDefensePHYDFOFWanted %Time %Time Play
1Geoff CopsesShea Theodore1223030%15:54
2Alec MartinezJaccob Slavin1222829%15:24
3Samuel GirardRyan Suter1222627%14:34
4Geoff CopsesJaccob Slavin1221613%7:08
Power Play Forward
Line #Left WingCenterRight WingPHYDFOFWanted %Time %Time Play
1Alex TuchSam ReinhartTravis Konecny1225552%2:04
2Jake GuentzelNico HischierZach Hyman1224548%1:54
Power Play Defense
Line #DefenseDefensePHYDFOFWanted %Time %Time Play
1Geoff CopsesJaccob Slavin1225545%1:48
2Alec MartinezRyan Suter1224555%2:10
Penalty Kill 4 Players Forward
Line #CenterWingPHYDFOFWanted %Time %Time Play
1Anthony CirelliEvan Rodrigues1225573%1:27
2T.J. OshieZach Hyman1224527%0:32
Penalty Kill 4 Players Defense
Line #DefenseDefensePHYDFOFWanted %Time %Time Play
1Geoff CopsesJaccob Slavin1225563%1:15
2Alec MartinezRyan Suter1224537%0:44
Penalty Kill 3 Players
Line #WingPHYDFOFWanted %Time %Time PlayDefenseDefensePHYDFOFWanted %Time %Time Play
1Colton Sissons122550%0:00 Geoff CopsesJaccob Slavin122550%0:00
2Evan Rodrigues122450%0:00 Shea TheodoreRyan Suter122450%0:00
4 vs 4 Forward
Line #CenterWingPHYDFOFWanted %Time %Time Play
1Alex TuchJake Guentzel122550%0:00
2Travis KonecnyZach Hyman122450%0:00
4 vs 4 Defense
Line #DefensePHYDFOFWanted %Time %Time Play
1Geoff CopsesJaccob Slavin122550%0:00
2Alec MartinezRyan Suter122450%0:00
Last Minutes Offensive
Left WingCenterRight WingDefenseDefense
Zach HymanSam ReinhartJake GuentzelGeoff CopsesSamuel Girard
Last Minutes Defensive
Left WingCenterRight WingDefenseDefense
Evan RodriguesAnthony CirelliT.J. OshieGeoff CopsesJaccob Slavin
Time
Total ForwardTotal DefenseLast Minutes OffensiveLast Minutes Defensive
60:00 60:00 1:030:00
Extra Forwards
Normal PowerPlayPenalty Kill
Nick Schmaltz, Anthony Cirelli, T.J. OshieNick Schmaltz, Colton SissonsT.J. Oshie
Extra Defensemen
Normal PowerPlayPenalty Kill
Samuel Girard, Shea Theodore, Alec MartinezSamuel Girard, Shea TheodoreAlec Martinez
Penalty Shots
Alex Tuch, Jake Guentzel, Travis Konecny, Zach Hyman, Sam Reinhart
Goalie
Jake Oettinger, Ville Husso
Custom OT Lines Forwards
Alex Tuch, Jake Guentzel, Travis Konecny, Zach Hyman, Sam Reinhart, Nico Hischier, Nick Schmaltz, Colton Sissons, T.J. Oshie, Ryan Johansen
Custom OT Lines Defensemen
Geoff Copses, Jaccob Slavin, Shea Theodore, Ryan Suter, Samuel Girard
Scratches
Josh Manson (Healthy), Jack Roslovic (Healthy)

Bunnies

5 vs 5 Forward
Line #Left WingCenterRight WingPHYDFOFWanted %Time %Time Play
1Nipples TenderloinNick SuzukiRickard Rakell1223026%13:36
2Johnny GaudreauJamie BennMatt Duchene1222834%18:12
3Nazem KadriBrayden SchennVladimir Tarasenko1222628%14:41
4Nipples TenderloinTyler SeguinNick Suzuki1221612%6:32
5 vs 5 Defense
Line #DefenseDefensePHYDFOFWanted %Time %Time Play
1Jeff PetryBrenden Dillon1223029%15:24
2David SavardNick Jensen1222830%15:48
3Filip HronekAnthony Deangelo1222626%13:52
4Erik KarlssonJeff Petry1221615%7:57
Power Play Forward
Line #Left WingCenterRight WingPHYDFOFWanted %Time %Time Play
1Nipples TenderloinNick SuzukiRickard Rakell1225558%1:09
2Johnny GaudreauJamie BennMatt Duchene1224542%0:50
Power Play Defense
Line #DefenseDefensePHYDFOFWanted %Time %Time Play
1Jeff PetryBrenden Dillon1225555%1:06
2David SavardNick Jensen1224545%0:53
Penalty Kill 4 Players Forward
Line #CenterWingPHYDFOFWanted %Time %Time Play
1Nipples TenderloinNick Suzuki1225561%2:26
2Johnny GaudreauJamie Benn1224539%1:32
Penalty Kill 4 Players Defense
Line #DefenseDefensePHYDFOFWanted %Time %Time Play
1Jeff PetryBrenden Dillon1225561%2:24
2David SavardNick Jensen1224539%1:34
Penalty Kill 3 Players
Line #WingPHYDFOFWanted %Time %Time PlayDefenseDefensePHYDFOFWanted %Time %Time Play
1Nipples Tenderloin122550%0:00 Jeff PetryBrenden Dillon122550%0:00
2Nick Suzuki122450%0:00 David SavardNick Jensen122450%0:00
4 vs 4 Forward
Line #CenterWingPHYDFOFWanted %Time %Time Play
1Nipples TenderloinNick Suzuki122550%0:00
2Johnny GaudreauJamie Benn122450%0:00
4 vs 4 Defense
Line #DefensePHYDFOFWanted %Time %Time Play
1Jeff PetryBrenden Dillon122550%0:00
2David SavardNick Jensen122450%0:00
Last Minutes Offensive
Left WingCenterRight WingDefenseDefense
Nipples TenderloinNick SuzukiRickard RakellJeff PetryBrenden Dillon
Last Minutes Defensive
Left WingCenterRight WingDefenseDefense
Nipples TenderloinNick SuzukiRickard RakellJeff PetryBrenden Dillon
Time
Total ForwardTotal DefenseLast Minutes OffensiveLast Minutes Defensive
60:00 60:00 0:001:02
Extra Forwards
Normal PowerPlayPenalty Kill
Patrice Bergeron, Brayden Schenn, Nazem KadriPatrice Bergeron, Brayden SchennNazem Kadri
Extra Defensemen
Normal PowerPlayPenalty Kill
Filip Hronek, Anthony Deangelo, Erik KarlssonFilip Hronek, Anthony DeangeloErik Karlsson
Penalty Shots
Nipples Tenderloin, Nick Suzuki, Johnny Gaudreau, Jamie Benn, Rickard Rakell
Goalie
Joonas Korpisalo, Semyon Varlamov
Custom OT Lines Forwards
Nipples Tenderloin, Nick Suzuki, Johnny Gaudreau, Jamie Benn, Rickard Rakell, Matt Duchene, Brayden Schenn, Nazem Kadri, Vladimir Tarasenko, Tyler Seguin
Custom OT Lines Defensemen
Jeff Petry, Brenden Dillon, David Savard, Nick Jensen, Filip Hronek
Scratches
Radko Gudas (Healthy)


Play-by-Play

1st period


0:01 of 1st period - Zach Hyman wins face-off versus Nick Suzuki in neutral zone.
0:26 of 1st period - Jamie Benn is hit by Nico Hischier and loses puck.
1:04 of 1st period - Wrist shot by Ryan Johansen.
1:04 of 1st period - Deflect By Evan Rodrigues.
1:04 of 1st period - Stopped by Joonas Korpisalo with a rebound.
1:59 of 1st period - Off-side.
2:00 of 1st period - Nico Hischier wins face-off versus Nick Suzuki in neutral zone.
2:21 of 1st period - Wrist shot by Nico Hischier.
2:21 of 1st period - Shot Blocked by Jeff Petry.
2:23 of 1st period - Wrist shot by Travis Konecny.
2:23 of 1st period - Shot Blocked by Jeff Petry.
2:25 of 1st period - Slapshot by Ryan Suter.
2:25 of 1st period - Stopped by Joonas Korpisalo without a rebound.
2:26 of 1st period - Brayden Schenn wins face-off versus T.J. Oshie in Bunnies zone.
2:31 of 1st period - Backhand shot by Nazem Kadri.
2:31 of 1st period - Stopped by Jake Oettinger without a rebound.
2:32 of 1st period - Brayden Schenn wins face-off versus Nick Schmaltz in Gladiators zone.
2:35 of 1st period - Wrist shot by Nazem Kadri.
2:35 of 1st period - Shot Misses the Net.
2:43 of 1st period - Snap shot by Brayden Schenn.
2:43 of 1st period - Stopped by Jake Oettinger without a rebound.
2:44 of 1st period - Anthony Cirelli wins face-off versus Tyler Seguin in Gladiators zone.
3:13 of 1st period - Snap shot by Zach Hyman.
3:13 of 1st period - Shot Misses the Net.
3:15 of 1st period - Slapshot by Jaccob Slavin.
3:15 of 1st period - Shot Misses the Net.
3:17 of 1st period - Slapshot by Jaccob Slavin.
3:17 of 1st period - Shot Hit the Post.
3:19 of 1st period - Wrist shot by Alex Tuch.
3:19 of 1st period - Deflect By Zach Hyman.
3:19 of 1st period - Shot Misses the Net.
3:19 of 1st period - Puck is out of play.
3:20 of 1st period - Brayden Schenn wins face-off versus Nick Schmaltz in Bunnies zone.
3:27 of 1st period - Wrist shot by Brayden Schenn.
3:27 of 1st period - Stopped by Jake Oettinger with a rebound.
3:46 of 1st period - Sam Reinhart is hit by Matt Duchene and loses puck.
3:55 of 1st period - Wrist shot by Sam Reinhart.
3:55 of 1st period - Stopped by Joonas Korpisalo with a rebound.
4:19 of 1st period - Snap shot by Jake Guentzel.
4:19 of 1st period - Stopped by Joonas Korpisalo with a rebound.
4:35 of 1st period - Snap shot by Ryan Johansen.
4:35 of 1st period - Stopped by Joonas Korpisalo without a rebound.
4:36 of 1st period - Nick Schmaltz wins face-off versus Tyler Seguin in Bunnies zone.
4:51 of 1st period - Snap shot by Nipples Tenderloin.
4:51 of 1st period - Stopped by Jake Oettinger with a rebound.
4:53 of 1st period - Slapshot by Jeff Petry.
4:53 of 1st period - Shot Blocked by Geoff Copses.
5:50 of 1st period - Snap shot by Nipples Tenderloin.
5:50 of 1st period - Stopped by Jake Oettinger with a rebound.
6:04 of 1st period - Slapshot by Vladimir Tarasenko.
6:04 of 1st period - Shot Blocked by Ryan Suter.
7:55 of 1st period - Nick Jensen is hit by Alec Martinez and loses puck.
8:11 of 1st period - Geoff Copses is hit by Nick Jensen and loses puck.
8:22 of 1st period - Snap shot by Brayden Schenn.
8:22 of 1st period - Shot Blocked by Geoff Copses.
8:24 of 1st period - Slapshot by Vladimir Tarasenko.
8:24 of 1st period - Shot Misses the Net.
8:26 of 1st period - Snap shot by Anthony Deangelo.
8:26 of 1st period - Deflect By Vladimir Tarasenko.
8:26 of 1st period - Shot Misses the Net.
8:26 of 1st period - Puck is out of play.
8:27 of 1st period - Nipples Tenderloin wins face-off versus Sam Reinhart in Gladiators zone.
9:02 of 1st period - Wrist shot by Evan Rodrigues.
9:02 of 1st period - Stopped by Joonas Korpisalo with a rebound.
9:04 of 1st period - Snap shot by Ryan Johansen.
9:04 of 1st period - Deflect By Anthony Cirelli.
9:04 of 1st period - Stopped by Joonas Korpisalo with a rebound.
9:06 of 1st period - Slapshot by Anthony Cirelli.
9:06 of 1st period - Shot Misses the Net.
9:20 of 1st period - Slapshot by Nick Suzuki.
9:20 of 1st period - Shot Misses the Net.
9:22 of 1st period - Slapshot by Filip Hronek.
9:22 of 1st period - Deflect By Jamie Benn.
9:22 of 1st period - Stopped by Jake Oettinger with a rebound.
9:24 of 1st period - Snap shot by Filip Hronek.
9:24 of 1st period - Shot Blocked by Colton Sissons.
9:26 of 1st period - Wrist shot by Johnny Gaudreau.
9:26 of 1st period - Stopped by Jake Oettinger with a rebound.
9:30 of 1st period - Wrist shot by Matt Duchene.
9:30 of 1st period - Deflect By Johnny Gaudreau.
9:30 of 1st period - Stopped by Jake Oettinger with a rebound.
9:32 of 1st period - Wrist shot by Jamie Benn.
9:32 of 1st period - Stopped by Jake Oettinger without a rebound.
9:33 of 1st period - Brayden Schenn wins face-off versus Sam Reinhart in Gladiators zone.
9:38 of 1st period - Slapshot by Vladimir Tarasenko.
9:38 of 1st period - Shot Misses the Net.
9:40 of 1st period - Wrist shot by Jeff Petry.
9:40 of 1st period - Deflect By Zach Hyman.
9:40 of 1st period - Stopped by Jake Oettinger without a rebound.
9:41 of 1st period - Brayden Schenn wins face-off versus Alex Tuch in Gladiators zone.
9:56 of 1st period - Slapshot by Nazem Kadri.
9:56 of 1st period - Shot Misses the Net.
9:58 of 1st period - Slapshot by Jeff Petry.
9:58 of 1st period - Stopped by Jake Oettinger with a rebound.
10:10 of 1st period - Wrist shot by Brayden Schenn.
10:10 of 1st period - Stopped by Jake Oettinger without a rebound.
10:11 of 1st period - Tyler Seguin wins face-off versus Nick Schmaltz in Gladiators zone.
10:12 of 1st period - Snap shot by Nick Suzuki.
10:12 of 1st period - Stopped by Jake Oettinger without a rebound.
10:13 of 1st period - Nick Suzuki wins face-off versus Nick Schmaltz in Gladiators zone.
10:30 of 1st period - Snap shot by Nipples Tenderloin.
10:30 of 1st period - Stopped by Jake Oettinger without a rebound.
10:31 of 1st period - Nico Hischier wins face-off versus Jamie Benn in Gladiators zone.
10:33 of 1st period - Icing by Jake Guentzel.
10:34 of 1st period - Jamie Benn wins face-off versus Nico Hischier in Gladiators zone.
10:51 of 1st period - Wrist shot by Johnny Gaudreau.
10:51 of 1st period - Stopped by Jake Oettinger with a rebound.
11:18 of 1st period - Off-side.
11:19 of 1st period - Nick Suzuki wins face-off versus Nick Schmaltz in neutral zone.
11:34 of 1st period - Snap shot by Nick Suzuki.
11:34 of 1st period - Shot Blocked by Ryan Suter.
12:36 of 1st period - Jeff Petry is hit by Colton Sissons and loses puck.
13:09 of 1st period - Wrist shot by Jake Guentzel.
13:09 of 1st period - Shot Misses the Net.
13:11 of 1st period - Snap shot by Travis Konecny.
13:11 of 1st period - Shot Misses the Net.
13:13 of 1st period - Slapshot by Nico Hischier.
13:13 of 1st period - Deflect By Brayden Schenn.
13:13 of 1st period - Stopped by Joonas Korpisalo with a rebound.
13:15 of 1st period - Slapshot by Geoff Copses.
13:15 of 1st period - Stopped by Joonas Korpisalo with a rebound.
13:17 of 1st period - Slapshot by Shea Theodore.
13:17 of 1st period - Stopped by Joonas Korpisalo without a rebound.
13:18 of 1st period - Sam Reinhart wins face-off versus Jamie Benn in Bunnies zone.
13:35 of 1st period - Snap shot by Sam Reinhart.
13:35 of 1st period - Stopped by Joonas Korpisalo with a rebound.
13:49 of 1st period - Off-side.
13:50 of 1st period - Nico Hischier wins face-off versus Nick Suzuki in neutral zone.
13:53 of 1st period - Wrist shot by Jake Guentzel.
13:53 of 1st period - Shot Misses the Net.
13:55 of 1st period - Slapshot by Samuel Girard.
13:55 of 1st period - Deflect By Travis Konecny.
13:55 of 1st period - Shot Misses the Net.
13:55 of 1st period - Puck is out of play.
13:56 of 1st period - Nick Suzuki wins face-off versus Nick Schmaltz in Bunnies zone.
13:56 of 1st period - Nick Suzuki is hit by Nick Schmaltz.
14:23 of 1st period - Ryan Suter is hit by Jeff Petry.
14:31 of 1st period - Wrist shot by Matt Duchene.
14:31 of 1st period - Shot Misses the Net.
15:09 of 1st period - Geoff Copses is hit by Nipples Tenderloin and loses puck.
15:28 of 1st period - Wrist shot by Johnny Gaudreau.
15:28 of 1st period - Shot Misses the Net.
15:45 of 1st period - Minor Penalty to Jeff Petry for Unsportsmanlike conduct.
15:46 of 1st period - Sam Reinhart wins face-off versus Nipples Tenderloin in Bunnies zone.
15:54 of 1st period - Wrist shot by Travis Konecny.
15:54 of 1st period - Shot Blocked by Brenden Dillon.
17:01 of 1st period - Jamie Benn is hit by Sam Reinhart and loses puck.
17:45 of 1st period - Penalty to Jeff Petry is over, Jeff Petry is back on ice.
18:23 of 1st period - Icing by Colton Sissons.
18:24 of 1st period - Brayden Schenn wins face-off versus Nick Schmaltz in Gladiators zone.
18:29 of 1st period - Snap shot by Vladimir Tarasenko.
18:29 of 1st period - Stopped by Jake Oettinger with a rebound.
18:35 of 1st period - Snap shot by Colton Sissons.
18:35 of 1st period - Shot Misses the Net.
18:37 of 1st period - Wrist shot by T.J. Oshie.
18:37 of 1st period - Stopped by Joonas Korpisalo without a rebound.
18:38 of 1st period - Sam Reinhart wins face-off versus Nick Suzuki in Bunnies zone.
18:51 of 1st period - Wrist shot by Nick Suzuki.
18:51 of 1st period - Stopped by Jake Oettinger without a rebound.
18:52 of 1st period - Nick Suzuki wins face-off versus Sam Reinhart in Gladiators zone.
18:53 of 1st period - Slapshot by Nipples Tenderloin.
18:53 of 1st period - Shot Misses the Net.
18:55 of 1st period - Snap shot by Nick Suzuki.
18:55 of 1st period - Stopped by Jake Oettinger without a rebound.
18:56 of 1st period - Nick Suzuki wins face-off versus Sam Reinhart in Gladiators zone.
19:03 of 1st period - Wrist shot by Nipples Tenderloin.
19:03 of 1st period - Stopped by Jake Oettinger with a rebound.
19:23 of 1st period - Snap shot by Travis Konecny.
19:23 of 1st period - Stopped by Joonas Korpisalo without a rebound.
19:24 of 1st period - Jamie Benn wins face-off versus Nico Hischier in Bunnies zone.
19:51 of 1st period - Alec Martinez is hit by Nick Suzuki and loses puck.
Goals for this period are 0 for Gladiators vs 0 for Bunnies.
Shots for this period are 13 for Gladiators vs 19 for Bunnies.

2nd period


0:01 of 2nd period - Nick Suzuki wins face-off versus Nick Schmaltz in neutral zone.
0:04 of 2nd period - Colton Sissons is hit by Nick Suzuki and loses puck.
0:15 of 2nd period - Wrist shot by Nipples Tenderloin.
0:15 of 2nd period - Shot Misses the Net.
0:17 of 2nd period - Slapshot by Jeff Petry.
0:17 of 2nd period - Stopped by Jake Oettinger without a rebound.
0:18 of 2nd period - Sam Reinhart wins face-off versus Jamie Benn in Gladiators zone.
0:25 of 2nd period - Slapshot by Sam Reinhart.
0:25 of 2nd period - Stopped by Joonas Korpisalo without a rebound.
0:26 of 2nd period - Sam Reinhart wins face-off versus Jamie Benn in Bunnies zone.
1:02 of 2nd period - Wrist shot by Zach Hyman.
1:02 of 2nd period - Shot Hit the Post.
1:04 of 2nd period - Slapshot by Alec Martinez.
1:04 of 2nd period - Stopped by Joonas Korpisalo with a rebound.
1:06 of 2nd period - Snap shot by Jaccob Slavin.
1:06 of 2nd period - Stopped by Joonas Korpisalo without a rebound.
1:07 of 2nd period - Tyler Seguin wins face-off versus Nico Hischier in Bunnies zone.
1:18 of 2nd period - David Savard is hit by Jake Guentzel and loses puck.
1:43 of 2nd period - Snap shot by Nick Schmaltz.
1:43 of 2nd period - Stopped by Joonas Korpisalo without a rebound.
1:44 of 2nd period - Nick Suzuki wins face-off versus Nick Schmaltz in Bunnies zone.
1:44 of 2nd period - Nipples Tenderloin is hit by Nick Schmaltz and loses puck.
2:55 of 2nd period - Nipples Tenderloin is hit by Sam Reinhart and loses puck.
4:22 of 2nd period - Icing by Anthony Cirelli.
4:23 of 2nd period - Jamie Benn wins face-off versus Anthony Cirelli in Gladiators zone.
4:40 of 2nd period - Snap shot by Vladimir Tarasenko.
4:40 of 2nd period - Shot Blocked by Alec Martinez.
5:38 of 2nd period - Snap shot by Vladimir Tarasenko.
5:38 of 2nd period - Shot Blocked by Geoff Copses.
5:40 of 2nd period - Snap shot by Nazem Kadri.
5:40 of 2nd period - Stopped by Jake Oettinger without a rebound.
5:41 of 2nd period - Brayden Schenn wins face-off versus Sam Reinhart in Gladiators zone.
6:24 of 2nd period - Wrist shot by Vladimir Tarasenko.
6:24 of 2nd period - Deflect By Nazem Kadri.
6:24 of 2nd period - Stopped by Jake Oettinger without a rebound.
6:25 of 2nd period - Nick Suzuki wins face-off versus Nick Schmaltz in Gladiators zone.
6:52 of 2nd period - Nico Hischier is hit by Jamie Benn and loses puck.
7:01 of 2nd period - Wrist shot by Matt Duchene.
7:01 of 2nd period - Deflect By Johnny Gaudreau.
7:01 of 2nd period - Stopped by Jake Oettinger with a rebound.
7:12 of 2nd period - Geoff Copses is hit by Jeff Petry and loses puck.
9:56 of 2nd period - David Savard is hit by Sam Reinhart and loses puck.
10:13 of 2nd period - Nazem Kadri is hit by Colton Sissons and loses puck.
10:56 of 2nd period - Evan Rodrigues is hit by Erik Karlsson and loses puck.
11:11 of 2nd period - Slapshot by Evan Rodrigues.
11:11 of 2nd period - Stopped by Joonas Korpisalo without a rebound.
11:12 of 2nd period - Nick Suzuki wins face-off versus Nico Hischier in Bunnies zone.
11:48 of 2nd period - Nipples Tenderloin is hit by Alex Tuch and loses puck.
11:53 of 2nd period - Slapshot by Sam Reinhart.
11:53 of 2nd period - Shot Misses the Net.
11:55 of 2nd period - Wrist shot by Alex Tuch.
11:55 of 2nd period - Stopped by Joonas Korpisalo without a rebound.
11:56 of 2nd period - Jamie Benn wins face-off versus Nico Hischier in Bunnies zone.
12:11 of 2nd period - Wrist shot by Matt Duchene.
12:11 of 2nd period - Stopped by Jake Oettinger without a rebound.
12:12 of 2nd period - Nick Suzuki wins face-off versus Nick Schmaltz in Gladiators zone.
12:17 of 2nd period - Wrist shot by Nick Suzuki.
12:17 of 2nd period - Deflect By Nipples Tenderloin.
12:17 of 2nd period - Shot Blocked by Jaccob Slavin.
12:17 of 2nd period - Puck is out of play.
12:18 of 2nd period - Nick Suzuki wins face-off versus Nick Schmaltz in Gladiators zone.
12:33 of 2nd period - Snap shot by Nipples Tenderloin.
12:33 of 2nd period - Stopped by Jake Oettinger with a rebound.
12:35 of 2nd period - Wrist shot by Nipples Tenderloin.
12:35 of 2nd period - Goal by Nipples Tenderloin - Gladiators : 0 - Bunnies : 1.
12:36 of 2nd period - Nick Suzuki wins face-off versus Alex Tuch in neutral zone.
12:45 of 2nd period - Slapshot by Nick Suzuki.
12:45 of 2nd period - Shot Misses the Net.
13:03 of 2nd period - Jaccob Slavin is hit by Johnny Gaudreau and loses puck.
13:14 of 2nd period - Snap shot by Johnny Gaudreau.
13:14 of 2nd period - Stopped by Jake Oettinger with a rebound.
13:28 of 2nd period - Snap shot by Geoff Copses.
13:28 of 2nd period - Stopped by Joonas Korpisalo with a rebound.
13:56 of 2nd period - Wrist shot by Ryan Johansen.
13:56 of 2nd period - Stopped by Joonas Korpisalo without a rebound.
13:57 of 2nd period - Sam Reinhart wins face-off versus Jamie Benn in Bunnies zone.
13:58 of 2nd period - Snap shot by Alex Tuch.
13:58 of 2nd period - Shot Blocked by Brenden Dillon.
14:07 of 2nd period - Wrist shot by Zach Hyman.
14:07 of 2nd period - Stopped by Joonas Korpisalo without a rebound.
14:08 of 2nd period - Nico Hischier wins face-off versus Nick Suzuki in Bunnies zone.
14:19 of 2nd period - Wrist shot by Travis Konecny.
14:19 of 2nd period - Shot Misses the Net.
14:21 of 2nd period - Snap shot by Travis Konecny.
14:21 of 2nd period - Stopped by Joonas Korpisalo with a rebound.
14:23 of 2nd period - Wrist shot by Samuel Girard.
14:23 of 2nd period - Shot Blocked by Jeff Petry.
14:43 of 2nd period - Ryan Suter is hit by Nazem Kadri.
16:48 of 2nd period - Matt Duchene is hit by Colton Sissons and loses puck.
16:57 of 2nd period - Slapshot by Nick Schmaltz.
16:57 of 2nd period - Stopped by Joonas Korpisalo with a rebound.
17:16 of 2nd period - Icing by Jaccob Slavin.
17:17 of 2nd period - Sam Reinhart wins face-off versus Brayden Schenn in Gladiators zone.
18:23 of 2nd period - Snap shot by Nipples Tenderloin.
18:23 of 2nd period - Stopped by Jake Oettinger without a rebound.
18:24 of 2nd period - Anthony Cirelli wins face-off versus Tyler Seguin in Gladiators zone.
18:37 of 2nd period - Wrist shot by Nipples Tenderloin.
18:37 of 2nd period - Stopped by Jake Oettinger with a rebound.
18:49 of 2nd period - Geoff Copses is hit by Erik Karlsson and loses puck.
18:57 of 2nd period - Off-side.
18:58 of 2nd period - Alex Tuch wins face-off versus Nick Suzuki in neutral zone.
19:01 of 2nd period - Snap shot by Zach Hyman.
19:01 of 2nd period - Shot Blocked by Rickard Rakell.
19:06 of 2nd period - Icing by Rickard Rakell.
19:07 of 2nd period - Zach Hyman wins face-off versus Nick Suzuki in Bunnies zone.
19:10 of 2nd period - Wrist shot by Alex Tuch.
19:10 of 2nd period - Stopped by Joonas Korpisalo with a rebound.
19:26 of 2nd period - Snap shot by Nick Suzuki.
19:26 of 2nd period - Stopped by Jake Oettinger without a rebound.
19:27 of 2nd period - Brayden Schenn wins face-off versus Nick Schmaltz in Gladiators zone.
19:32 of 2nd period - Snap shot by Nazem Kadri.
19:32 of 2nd period - Stopped by Jake Oettinger without a rebound.
19:33 of 2nd period - Brayden Schenn wins face-off versus Nick Schmaltz in Gladiators zone.
19:36 of 2nd period - Wrist shot by Nazem Kadri.
19:36 of 2nd period - Shot Misses the Net.
19:41 of 2nd period - Icing by Nick Schmaltz.
19:42 of 2nd period - Nick Suzuki wins face-off versus Nick Schmaltz in Gladiators zone.
Goals for this period are 0 for Gladiators vs 1 for Bunnies.
Shots for this period are 12 for Gladiators vs 12 for Bunnies.

3rd period


0:01 of 3rd period - Nico Hischier wins face-off versus Nick Suzuki in neutral zone.
0:44 of 3rd period - Snap shot by Jake Guentzel.
0:44 of 3rd period - Deflect By Rickard Rakell.
0:44 of 3rd period - Stopped by Joonas Korpisalo without a rebound.
0:45 of 3rd period - Sam Reinhart wins face-off versus Jamie Benn in Bunnies zone.
1:25 of 3rd period - Slapshot by Ryan Suter.
1:25 of 3rd period - Stopped by Joonas Korpisalo without a rebound.
1:26 of 3rd period - Nick Suzuki wins face-off versus Nico Hischier in Bunnies zone.
1:26 of 3rd period - Nick Suzuki is hit by Jake Guentzel.
1:48 of 3rd period - Minor Penalty to Travis Konecny for Cross-checking.
1:49 of 3rd period - Nick Suzuki wins face-off versus Anthony Cirelli in Gladiators zone.
3:46 of 3rd period - Rickard Rakell is hit by T.J. Oshie and loses puck.
3:48 of 3rd period - Penalty to Travis Konecny is over, Travis Konecny is back on ice.
3:50 of 3rd period - Icing by Rickard Rakell.
3:51 of 3rd period - Nico Hischier wins face-off versus Nick Suzuki in Bunnies zone.
3:58 of 3rd period - Wrist shot by Nico Hischier.
3:58 of 3rd period - Shot Hit the Post.
4:00 of 3rd period - Slapshot by Ryan Suter.
4:00 of 3rd period - Shot Blocked by Nick Suzuki.
4:02 of 3rd period - Snap shot by Travis Konecny.
4:02 of 3rd period - Shot Misses the Net.
4:04 of 3rd period - Wrist shot by Ryan Suter.
4:04 of 3rd period - Shot Blocked by Filip Hronek.
4:06 of 3rd period - Snap shot by Jake Guentzel.
4:06 of 3rd period - Shot Blocked by Anthony Deangelo.
4:08 of 3rd period - Wrist shot by Nico Hischier.
4:08 of 3rd period - Stopped by Joonas Korpisalo with a rebound.
4:20 of 3rd period - Wrist shot by Nick Schmaltz.
4:20 of 3rd period - Stopped by Joonas Korpisalo without a rebound.
4:21 of 3rd period - Nick Schmaltz wins face-off versus Vladimir Tarasenko in Bunnies zone.
4:34 of 3rd period - Snap shot by Nazem Kadri.
4:34 of 3rd period - Shot Misses the Net.
4:45 of 3rd period - Brayden Schenn is hit by Ryan Suter.
4:49 of 3rd period - Wrist shot by T.J. Oshie.
4:49 of 3rd period - Deflect By Nick Schmaltz.
4:49 of 3rd period - Shot Misses the Net.
4:49 of 3rd period - Puck is out of play.
4:50 of 3rd period - Jamie Benn wins face-off versus Sam Reinhart in Bunnies zone.
5:18 of 3rd period - Snap shot by Nipples Tenderloin.
5:18 of 3rd period - Shot Misses the Net.
5:20 of 3rd period - Slapshot by Nick Jensen.
5:20 of 3rd period - Stopped by Jake Oettinger with a rebound.
5:40 of 3rd period - Ryan Johansen is hit by Brenden Dillon and loses puck.
5:55 of 3rd period - Snap shot by T.J. Oshie.
5:55 of 3rd period - Shot Misses the Net.
6:35 of 3rd period - Wrist shot by Nazem Kadri.
6:35 of 3rd period - Stopped by Jake Oettinger with a rebound.
7:28 of 3rd period - Icing by Ryan Suter.
7:29 of 3rd period - Sam Reinhart wins face-off versus Nick Suzuki in Gladiators zone.
7:58 of 3rd period - Wrist shot by Nick Schmaltz.
7:58 of 3rd period - Stopped by Joonas Korpisalo with a rebound.
8:31 of 3rd period - Wrist shot by Jake Guentzel.
8:31 of 3rd period - Stopped by Joonas Korpisalo without a rebound.
8:32 of 3rd period - Sam Reinhart wins face-off versus Nick Suzuki in Bunnies zone.
8:47 of 3rd period - Snap shot by Rickard Rakell.
8:47 of 3rd period - Stopped by Jake Oettinger without a rebound.
8:48 of 3rd period - Jamie Benn wins face-off versus Nick Schmaltz in Gladiators zone.
8:49 of 3rd period - Snap shot by Matt Duchene.
8:49 of 3rd period - Stopped by Jake Oettinger without a rebound.
8:50 of 3rd period - Nick Schmaltz wins face-off versus Matt Duchene in Gladiators zone.
8:50 of 3rd period - Geoff Copses is hit by Matt Duchene and loses puck.
10:03 of 3rd period - Wrist shot by Evan Rodrigues.
10:03 of 3rd period - Stopped by Joonas Korpisalo without a rebound.
10:04 of 3rd period - Jamie Benn wins face-off versus Anthony Cirelli in Bunnies zone.
10:13 of 3rd period - Wrist shot by Ryan Johansen.
10:13 of 3rd period - Deflect By Evan Rodrigues.
10:13 of 3rd period - Shot Blocked by Anthony Deangelo.
10:13 of 3rd period - Puck is out of play.
10:14 of 3rd period - Nick Suzuki wins face-off versus Sam Reinhart in Bunnies zone.
10:21 of 3rd period - Wrist shot by Nipples Tenderloin.
10:21 of 3rd period - Stopped by Jake Oettinger without a rebound.
10:22 of 3rd period - Nick Suzuki wins face-off versus Zach Hyman in Gladiators zone.
10:29 of 3rd period - Snap shot by Nipples Tenderloin.
10:29 of 3rd period - Stopped by Jake Oettinger without a rebound.
10:30 of 3rd period - Sam Reinhart wins face-off versus Nick Suzuki in Gladiators zone.
10:37 of 3rd period - Jeff Petry is hit by Alex Tuch and loses puck.
11:27 of 3rd period - Icing by Anthony Deangelo.
11:28 of 3rd period - Jamie Benn wins face-off versus Nico Hischier in Bunnies zone.
11:28 of 3rd period - Jamie Benn is hit by Travis Konecny.
11:42 of 3rd period - Minor Penalty to Johnny Gaudreau for Hooking.
11:43 of 3rd period - Alex Tuch wins face-off versus Nipples Tenderloin in Bunnies zone.
13:42 of 3rd period - Penalty to Johnny Gaudreau is over, Johnny Gaudreau is back on ice.
13:44 of 3rd period - Johnny Gaudreau is hit by Zach Hyman and loses puck.
13:59 of 3rd period - Wrist shot by Brayden Schenn.
13:59 of 3rd period - Stopped by Jake Oettinger with a rebound.
14:05 of 3rd period - Brenden Dillon is hit by Nick Schmaltz and loses puck.
15:05 of 3rd period - Ryan Suter is hit by Johnny Gaudreau and loses puck.
17:01 of 3rd period - Nick Schmaltz is hit by Nazem Kadri and loses puck.
18:56 of 3rd period - Zach Hyman is hit by Jeff Petry and loses puck.
19:01 of 3rd period - Snap shot by Nick Suzuki.
19:01 of 3rd period - Stopped by Jake Oettinger with a rebound.
19:03 of 3rd period - Snap shot by Nazem Kadri.
19:03 of 3rd period - Deflect By Rickard Rakell.
19:03 of 3rd period - Stopped by Jake Oettinger with a rebound.
19:05 of 3rd period - Slapshot by Nazem Kadri.
19:05 of 3rd period - Stopped by Jake Oettinger without a rebound.
19:06 of 3rd period - call a timeout for Gladiators.
19:06 of 3rd period - Colton Sissons wins face-off versus Nick Suzuki in Gladiators zone.
19:11 of 3rd period - Nazem Kadri is hit by Colton Sissons.
19:21 of 3rd period - Wrist shot by Rickard Rakell.
19:21 of 3rd period - Shot Blocked by Geoff Copses.
19:23 of 3rd period - Wrist shot by Rickard Rakell.
19:23 of 3rd period - Stopped by Jake Oettinger without a rebound.
19:24 of 3rd period - Colton Sissons wins face-off versus Nick Suzuki in Gladiators zone.
19:24 of 3rd period - Colton Sissons is hit by Nazem Kadri.
19:30 of 3rd period - Gladiators, Jake Oettinger is pulled from the net.
19:48 of 3rd period - Snap shot by Rickard Rakell.
19:48 of 3rd period - Goal by Rickard Rakell - Gladiators : 0 - Bunnies : 2.
19:48 of 3rd period - Jake Oettinger from Gladiators was sent back in the game.
19:49 of 3rd period - Tyler Seguin wins face-off versus Nick Schmaltz in neutral zone.
Goals for this period are 0 for Gladiators vs 1 for Bunnies.
Shots for this period are 7 for Gladiators vs 12 for Bunnies.